 Dungeon Crawl Stone Soup version 0.29-a0-222-g5b244fca1f (webtiles) character file.

Game seed: 398255729680498891

79811 Ajdolov the Grappler (level 15, -1/149 HPs)
             Began as a Troll Monk on Feb 27, 2022.
             Was an Elder of Wu Jian.
             Slain by a green ugly thing (5 damage)
             ... on level 14 of the Dungeon.
             The game lasted 01:08:57 (22662 turns).

Ajdolov the Grappler (Troll Monk)                  Turns: 22662, Time: 01:08:57

Health: -1/149     AC: 12    Str: 29    XL:     15   Next: 22%
Magic:  14/14      EV:  9    Int:  6    God:    Wu Jian [****..]
Gold:   2063       SH: 17    Dex: 16    Spells: 14/14 levels left

rFire   . . .      SeeInvis .     - Unarmed
rCold   + . .      Faith    .   Q - +0 kite shield
rNeg    . . .      Spirit   .   J - +0 swamp dragon scales
rPois   +          Reflect  +   (helmet restricted)
rElec   +          Harm     .   x - +0 cloak
rCorr   .          Rampage  .   (gloves unavailable)
Will    +....                   (boots unavailable)
Stlth   +.........              u - amulet "Okkedofe" {Reflect rPois Dex+4 SH+5}
HPRegen 1.14/turn               Z - ring of Zetoalla {Fly rElec}
MPRegen 0.14/turn               Y - ring of protection from cold

@: flying, slowed, studying Slings, invisible, very slow
A: large, unfitting armour, claws 3, regeneration 1, shaggy fur 1, tough skin 1,
subdued magic 1
a: Renounce Religion, Wall Jump, Serpent's Lash


You were on level 14 of the Dungeon.
You worshipped Wu Jian.
Wu Jian was greatly pleased with you.
You visited 3 branches of the dungeon, and saw 21 of its levels.
You also visited: Bailey, Gauntlet and Ice Cave.

You collected 2330 gold pieces.
You spent 267 gold pieces at shops.

Inventory:

Missiles
 f - 8 javelins
 m - 29 large rocks (quivered)
 E - 30 boomerangs
 F - 12 poisoned darts
 R - 2 atropa-tipped darts
Armour
 x - a +0 cloak (worn)
 G - a +1 tower shield of protection
 J - +0 swamp dragon scales (worn)
 Q - a +0 kite shield (worn)
Jewellery
 e - a ring of ice
 u - the amulet "Okkedofe" (around neck) {Reflect rPois Dex+4 SH+5}
   (You found it in a Gauntlet)

   [amulet of reflection]

   It reflects blocked missile attacks.
   Dex:       It affects your dexterity (+4).
   rPois:     It protects you from poison.
   SH:        It affects your SH (+5).
 D - a ring of poison resistance
 I - a ring of willpower
 L - an amulet of magic regeneration
 P - a ring of resist corrosion
 Y - a ring of protection from cold (right claw)
 Z - the ring of Zetoalla (left claw) {Fly rElec}
   (You found it in a Gauntlet)

   [ring of flight]

   rElec:     It insulates you from electricity.
   Fly:       It grants you flight.
Wands
 d - a wand of flame (6)
 v - a wand of mindburst (20)
 y - a wand of digging (11)
 C - a wand of iceblast (25)
 M - a wand of charming (15)
 S - a wand of paralysis (14)
 X - a wand of acid (3)
Scrolls
 a - 5 scrolls of fog
 c - 5 scrolls of summoning
 g - 13 scrolls of teleportation
 k - 5 scrolls of amnesia
 n - 4 scrolls of enchant armour
 o - 8 scrolls of enchant weapon
 p - a scroll of blinking
 q - a scroll of torment {unknown}
 w - 3 scrolls of fear
 z - 5 scrolls of magic mapping
 B - 4 scrolls of silence
 H - a scroll of brand weapon {unknown}
 K - 3 scrolls of holy word {unknown}
 O - 3 scrolls of immolation {unknown}
 T - 2 scrolls of noise {unknown}
Potions
 b - 5 potions of brilliance
 h - a potion of flight
 i - a potion of might
 j - 2 potions of resistance {unknown}
 l - 7 potions of attraction
 r - 2 potions of invisibility
 s - 3 potions of haste
 t - 3 potions of mutation
 A - 7 potions of curing
 N - a potion of magic {unknown}
 V - 15 potions of ambrosia
 W - 2 potions of cancellation {unknown}


   Skills:
 - Level 10.1 Fighting
 - Level 11.2 Throwing
 - Level 7.5 Armour
 - Level 2.4 Dodging
 - Level 1.0 Stealth
 * Level 12.7 Shields
 - Level 14.0 Unarmed Combat


You had 14 spell levels left.
You didn't know any spells.
Your spell library contained the following spells:

 Spells                   Type           Power      Damage    Failure   Level
 Beastly Appendage        Tmut           0%         N/A       71%         1
 Foxfire                  Conj/Fire      0%         2x1d4     71%         1
 Sting                    Tmut/Pois      0%         1d3       71%         1
 Poisonous Vapours        Pois/Air       0%         N/A       85%         2
 Sublimation of Blood     Necr           0%         N/A       85%         2
 Wereblood                Tmut           0%         N/A       85%         2
 Conjure Flame            Conj/Fire      0%         6-21      97%         3
 Gell's Gravitas          Tloc           0%         N/A       97%         3
 Ignite Poison            Fire/Tmut/Pois 0%         N/A       97%         3
 Inner Flame              Hex/Fire       0%         N/A       97%         3
 Lesser Beckoning         Tloc           0%         N/A       97%         3
 Mephitic Cloud           Conj/Pois/Air  0%         N/A       97%         3
 Ozocubu's Armour         Ice            0%         N/A       97%         3
 Spider Form              Tmut/Pois      0%         N/A       97%         3
 Teleport Other           Tloc           0%         N/A       97%         3
 Flame Wave               Conj/Fire      0%         2d4       100%        4
 Olgreb's Toxic Radiance  Pois           0%         N/A       100%        4
 Petrify                  Tmut/Erth      0%         N/A       100%        4
 Summon Lightning Spire   Summ/Air       0%         N/A       100%        4
 Freezing Cloud           Conj/Ice/Air   0%         6-21      100%        5
 Irradiate                Conj/Tmut      0%         3d14      100%        5
 Metabolic Englaciation   Hex/Ice        0%         N/A       100%        5
 Dispersal                Tloc           0%         N/A       100%        6
 Simulacrum               Ice/Necr       0%         N/A       100%        6
 Storm Form               Tmut/Air       0%         N/A       100%        7
 Maxwell's Capacitive Co  Air            0%         ∞         100%        8


Dungeon Overview and Level Annotations

Branches:
Dungeon (14/15)            Temple (1/1) D:4            Lair (6/6) D:11
 Shoals (0/4) Lair:2       Spider (0/4) Lair:4        Slime (0/5) Lair:6
    Orc (0/2) D:10         Vaults (0/5) D:13         Bailey (visited)
  IceCv (visited)         Gauntlet (visited)

Altars:
Ashenzari
Cheibriados
Dithmenos
Elyvilon
Fedhas
Gozag
Hepliaklqana
Kikubaaqudgha
Makhleb
Nemelex Xobeh
Okawaru
Qazlal
Ru
Sif Muna
Trog
Uskayaw
Vehumet
Wu Jian
Xom
Yredelemnul
Zin
The Shining One

Shops:
D:3 ?   D:7 :*([(

Portals:
Hell: Lair:6

Annotations:
Lair:4 exclusion: downstairs


Innate Abilities, Weirdness & Mutations

You are too large for most types of armour.
You have claws for hands.
Your natural rate of healing is unusually fast.
You are covered in fur. (AC +1)
You have tough skin. (AC +1)
Your spells are a little easier to cast, but a little less powerful.


Message History

The freezing wraith drains your vigour!
You feel as though you will be slow longer.
A green ugly thing comes into view.
You block the freezing wraith's attack.
The freezing wraith hits you but does no damage.
Okay, then.
You feel better.
The green ugly thing gurgles horribly!
You block the freezing wraith's attack. x2
Unknown command.
You scratch the freezing wraith but do no damage.
The freezing wraith is lightly damaged.
You block the freezing wraith's attack. The freezing wraith hits you!
* * * LOW HITPOINT WARNING * * *
The freezing wraith drains your vigour!
You feel as though you will be slow longer.
Unknown command.
You feel better.
The freezing wraith hits you but does no damage.
You block the freezing wraith's attack. The freezing wraith closely misses you.
The freezing wraith completely misses you.
You barely miss the freezing wraith.
The freezing wraith is lightly damaged.
The freezing wraith hits you but does no damage.
You block the freezing wraith's attack.
You block the green ugly thing's attack.
You closely miss the freezing wraith.
The freezing wraith is lightly damaged.
The freezing wraith barely misses you.
The freezing wraith hits you but does no damage.
You block the green ugly thing's attack.
The green ugly thing gurgles horribly!
You scratch the freezing wraith but do no damage.
The freezing wraith is lightly damaged.
The freezing wraith hits you!
* * * LOW HITPOINT WARNING * * *
The freezing wraith freezes you! You resist.
* * * LOW HITPOINT WARNING * * *
You block the freezing wraith's attack. The green ugly thing punches you.
You die...

#......... #....##.#### ......
#.†.<..>.... ....u #....#######
.... #....).# ...
###....#.########.. #
........†......... .#
.........#......u# ### .
...........##.##@# #.# .# ###
.....##.##.#...#W#####.##.#....
..#..#...#..........y.W§.c.....
..#............#.###..)).)##...
.....#...#..#.##.###...##.....#
.....##...........##...# ......
...............##.##(..# ###.#
..#.#.##.#..#...#.###### #
###...#...............#


You could see 2 ugly things and a freezing wraith.

Vanquished Creatures
  Kirke (Lair:6)
  An orc warlord (Bailey)
  A minotaur (Gauntlet)
  A yaktaur captain (D:13)
  4 boulder beetles
  9 hydras
  2 catoblepae
  Erica (D:9)
  4 two-headed ogres
  2 centaur warriors
  5 death yaks
  Amaemon (D:11)
  7 skeletal warriors
  A sixfirhy (Lair:6)
  An obsidian statue (Gauntlet)
  A necromancer (IceCv)
  An orc knight (Bailey)
  A manticore (D:13)
  4 slime creatures (D:13)
  A wolf spider (D:12)
  8 cyclopes
  5 elephants
  4 black mambas
  Joseph (D:7)
  An ice statue (IceCv)
  16 cane toads
  4 orange demons
  A gargoyle (D:11)
  3 yaktaurs
  Maggie (D:8)
  5 freezing wraiths (IceCv)
  8 komodo dragons
  9 rime drakes
  15 ice devils
  A hellwing (Lair:6)
  3 meliai (D:14)
  An anaconda simulacrum (IceCv)
  A troll (D:12)
  A queen bee (Lair:2)
  9 polar bears
  A raiju (shapeshifter) (D:13)
  20 blink frogs
  Prince Ribbit (D:7)
  A dream sheep (Lair:5)
  11 flying skulls (Gauntlet)
  A wraith (D:13)
  A shadow (D:12)
  34 yaks
  3 wyverns
  A vampire (D:11)
  3 hogs (Lair:6)
  Grum (D:11)
  3 vampire mosquitoes (D:13)
  A steam dragon (D:8)
  4 basilisks
  2 death yak simulacra (IceCv)
  2 acid dragons
  5 harpy simulacra (IceCv)
  3 hell hounds (Lair:6)
  16 water moccasins
  12 orc warriors
  An ice beast (D:8)
  4 ogres
  2 necrophages
  A black bear (D:11)
  16 centaurs
  21 wolves
  2 phantoms
  A kobold brigand (D:10)
  14 bullfrogs
  A gnoll sergeant (D:11)
  7 scorpions
  6 cane toad simulacra (IceCv)
  7 elephant simulacra (IceCv)
  24 killer bees
  6 electric eels
  7 wights
  12 howler monkeys
  3 jellies
  3 hounds
  5 orc priests
  Crazy Yiuf (D:5)
  5 iguanas
  Natasha (D:3)
  13 orc wizards
  4 polar bear simulacra (IceCv)
  2 spriggan simulacra (IceCv)
  Ijyb (D:5)
  A troll simulacrum (IceCv)
  A wolf simulacrum (IceCv)
  8 gnolls
  A naga simulacrum (IceCv)
  4 adders
  4 shadow imps
  7 white imps
  An ufetubus (D:6)
  5 worms
  3 dart slugs (D:1)
  39 orcs
  7 ball pythons
  4 endoplasms
  5 giant cockroaches
  19 goblins
  7 hobgoblins
  25 kobolds
  6 quokkas
  2 bats
  5 frilled lizards
  6 rats
602 creatures vanquished.

Vanquished Creatures (others)
  A wizard (Lair:6)
  An unseen horror (D:12)
  An orc wizard (D:7)
  2 demonic plants (Gauntlet)
  25 fungi
  68 plants
  18 withered plants (Gauntlet)
116 creatures vanquished.

Grand Total: 718 creatures vanquished

Notes
Turn   | Place    | Note
-------+----------+-------------------------------------------
     0 | D:1      | Ajdolov the Troll Monk began the quest for the Orb.
     0 | D:1      | Reached XP level 1. HP: 22/22 MP: 0/0
   250 | D:1      | Reached XP level 2. HP: 25/29 MP: 1/1
   430 | D:1      | Reached skill level 4 in Unarmed Combat
   579 | D:1      | Found a faded altar of an unknown god.
   930 | D:2      | Reached XP level 3. HP: 34/36 MP: 2/2
  1098 | D:2      | Found a glowing golden altar of the Shining One.
  1207 | D:2      | Reached skill level 5 in Unarmed Combat
  1207 | D:2      | Reached XP level 4. HP: 39/44 MP: 3/3
  1660 | D:3      | Noticed an ogre
  1716 | D:3      | Killed an ogre
  1717 | D:3      | Reached skill level 6 in Unarmed Combat
  1717 | D:3      | Reached XP level 5. HP: 47/50 MP: 4/4
  1952 | D:3      | Noticed Natasha
  1959 | D:3      | Killed Natasha
  2071 | D:3      | Found Olajoeniory's Magic Scroll Shop.
  2079 | D:3      | Bought a scroll of identify for 22 gold pieces
  2079 | D:3      | Bought a scroll of teleportation for 33 gold pieces
  2079 | D:3      | Bought a scroll of blinking for 82 gold pieces
  2122 | D:4      | Found a staircase to the Ecumenical Temple.
  2127 | D:4      | Reached XP level 6. HP: 59/59 MP: 5/5
  2216 | D:4      | Reached skill level 7 in Unarmed Combat
  2302 | D:4      | Identified the +0 pair of boots "Nuridgho" {rF+ rC+}
  2483 | D:4      | Identified the +1 leather armour "Feofeng" {rElec Int+3
                  | Dex+4}
  2698 | D:4      | Reached skill level 8 in Unarmed Combat
  2698 | D:4      | Reached XP level 7. HP: 65/66 MP: 6/6
  2901 | D:5      | Entered Level 5 of the Dungeon
  2930 | D:5      | Noticed Ijyb
  2951 | D:5      | Killed Ijyb
  3156 | D:5      | Reached skill level 1 in Throwing
  3156 | D:5      | Reached skill level 9 in Unarmed Combat
  3304 | D:5      | Reached XP level 8. HP: 74/74 MP: 7/7
  3330 | D:5      | Found a runed translucent door.
  3331 | D:5      | Noticed Crazy Yiuf
  3339 | D:5      | Killed Crazy Yiuf
  3661 | D:6      | Reached skill level 10 in Unarmed Combat
  3889 | D:6      | Identified the +8 trident "Odoyffip" {spect, *Corrode Will+
                  | Dex+6}
  4234 | D:7      | Noticed Prince Ribbit
  4248 | D:7      | Killed Prince Ribbit
  4440 | D:7      | Reached skill level 11 in Unarmed Combat
  4441 | D:7      | Found Hoezotuv's Weapon Shop.
  4509 | D:7      | Found Zacownurch's Book Emporium.
  4609 | D:7      | Reached XP level 9. HP: 67/80 MP: 8/8
  4846 | D:7      | Found Cuxzaludy's Assorted Antiques.
  4851 | D:7      | Bought a blackened emerald ring for 130 gold pieces
  4981 | D:7      | Found Qiened's Weapon Boutique.
  4991 | D:7      | Noticed Joseph
  5002 | D:7      | Killed Joseph
  5067 | D:7      | Found Tawapsiy's Armour Emporium.
  5129 | D:7      | Reached skill level 5 in Throwing
  5246 | D:8      | Found a flagged portal.
  5258 | Bailey   | Entered a bailey
  5263 | Bailey   | Noticed an orc warlord
  5331 | Bailey   | Found a runed translucent gate.
  5332 | Bailey   | Found a runed translucent gate.
  5333 | Bailey   | Found a runed translucent gate.
  5387 | Bailey   | Noticed an orc knight
  5559 | Bailey   | Reached skill level 12 in Unarmed Combat
  5648 | Bailey   | Killed an orc knight
  6052 | Bailey   | Killed an orc warlord
  6053 | Bailey   | Reached XP level 10. HP: 41/91 MP: 9/9
  6173 | D:8      | Acquired a +1 tower shield of protection
  6250 | D:8      | Reached skill level 1 in Shields
  6537 | D:8      | Noticed Maggie
  6556 | D:8      | Killed Maggie
  6723 | D:8      | Identified the +9 broad axe of Eternal Vigilance
                  | {antimagic, rC+ Str+3 Dex+3}
  7107 | D:9      | Noticed a two-headed ogre
  7119 | D:9      | Killed a two-headed ogre
  7356 | D:9      | Noticed a two-headed ogre
  7371 | D:9      | Killed a two-headed ogre
  7528 | D:9      | Reached skill level 5 in Shields
  7532 | D:9      | Reached skill level 5 in Fighting
  7537 | D:9      | Reached XP level 11. HP: 102/102 MP: 10/10
  7790 | D:9      | Noticed Erica
  7823 | D:9      | Killed Erica
  8081 | D:9      | Noticed a two-headed ogre
  8100 | D:9      | Killed a two-headed ogre
  8281 | D:10     | Entered Level 10 of the Dungeon
  8393 | D:10     | Found a sparkling altar of Nemelex Xobeh.
  8427 | D:10     | Found a staircase to the Orcish Mines.
  8959 | D:11     | Noticed a two-headed ogre
  8976 | D:11     | Killed a two-headed ogre
  8977 | D:11     | Reached skill level 1 in Armour
  9059 | D:11     | Noticed Amaemon
  9073 | D:11     | Killed Amaemon
  9539 | D:11     | Found a sacrificial altar of Ru.
  9705 | D:11     | Found a staircase to the Lair.
  9916 | D:11     | Noticed Grum
  9941 | D:11     | Killed Grum
 10320 | D:12     | Noticed a boulder beetle
 10403 | D:12     | Killed a boulder beetle
 10404 | D:12     | Reached XP level 12. HP: 85/118 MP: 11/11
 11195 | Lair:1   | Entered Level 1 of the Lair of Beasts
 12278 | Lair:2   | Reached skill level 10 in Throwing
 13004 | Lair:2   | Found a staircase to the Shoals.
 13912 | Lair:3   | Reached XP level 13. HP: 121/128 MP: 12/12
 13947 | Lair:3   | Found a gate leading to a gauntlet.
 13985 | Gauntlet | Entered a Gauntlet
 13985 | Gauntlet | Found a transporter.
 13985 | Gauntlet | Found a transporter.
 13985 | Gauntlet | Found a transporter.
 13986 | Gauntlet | Found a transporter.
 13989 | Gauntlet | Found a transporter.
 14000 | Gauntlet | Found a transporter.
 14001 | Gauntlet | Found a transporter.
 14003 | Gauntlet | Found a large runed translucent door.
 14004 | Gauntlet | Found a large runed translucent door.
 14005 | Gauntlet | Found a large runed translucent door.
 14005 | Gauntlet | Found a large runed translucent door.
 14005 | Gauntlet | Found a runed translucent door.
 14006 | Gauntlet | Found a large runed translucent door.
 14010 | Gauntlet | Found a transporter.
 14027 | Gauntlet | Found a transporter.
 14087 | Gauntlet | Found a transporter.
 14104 | Gauntlet | Found a transporter.
 14108 | Gauntlet | Found a large runed translucent door.
 14109 | Gauntlet | Found a large runed translucent door.
 14110 | Gauntlet | Found a large runed translucent door.
 14111 | Gauntlet | Found a runed translucent gate.
 14112 | Gauntlet | Found a transporter.
 14112 | Gauntlet | Found a runed translucent gate.
 14113 | Gauntlet | Found a runed translucent gate.
 14114 | Gauntlet | Found a large runed translucent door.
 14114 | Gauntlet | Found a large runed translucent door.
 14115 | Gauntlet | Found a large runed translucent door.
 14116 | Gauntlet | Found a large runed translucent door.
 14125 | Gauntlet | Found a large runed translucent door.
 14125 | Gauntlet | Found a large runed translucent door.
 14125 | Gauntlet | Found a runed translucent door.
 14126 | Gauntlet | Found a large runed translucent door.
 14127 | Gauntlet | Found a large runed translucent door.
 14292 | Gauntlet | Reached skill level 5 in Armour
 14322 | Gauntlet | Identified the ring of Zetoalla {Fly rElec}
 14416 | Gauntlet | Gained mutation: Your spells are a little easier to cast,
                  | but a little less powerful. [a neqoxec]
 14422 | Gauntlet | Identified the amulet "Okkedofe" {Reflect rPois Dex+4 SH+5}
 14459 | Gauntlet | Noticed a minotaur
 14478 | Gauntlet | Killed a minotaur
 14484 | Gauntlet | Acquired 685 gold pieces
 15313 | Lair:4   | Identified the ring of Zolo {rC- rCorr Str+6 SInv}
 15385 | Lair:4   | Found a hole to the Spider Nest.
 15565 | Lair:4   | Reached skill level 13 in Unarmed Combat
 17420 | Lair:5   | Reached XP level 14. HP: 137/141 MP: 13/13
 17538 | Lair:5   | Reached skill level 10 in Fighting
 17938 | Lair:6   | Entered Level 6 of the Lair of Beasts
 17938 | Lair:6   | Found a staircase to the Slime Pits.
 18016 | Lair:4   | Reached skill level 14 in Unarmed Combat
 18257 | Lair:6   | Noticed Kirke
 18277 | Lair:6   | Killed Kirke
 18919 | Lair:6   | Reached skill level 10 in Shields
 19518 | Lair:6   | Found a burning altar of Makhleb.
 19661 | Lair:6   | Found a gateway to Hell.
 20005 | Temple   | Entered the Ecumenical Temple
 20118 | Temple   | Became a worshipper of the Wu Jian Council
 20118 | Temple   | Reached * piety under Wu Jian
 20118 | Temple   | Reached ** piety under Wu Jian
 20958 | D:13     | Found a gate to the Vaults.
 21044 | D:13     | Found a frozen archway.
 21057 | IceCv    | Entered an ice cave
 21257 | IceCv    | Found an ancient bone altar of Kikubaaqudgha.
 21302 | IceCv    | Reached *** piety under Wu Jian
 21448 | IceCv    | Reached XP level 15. HP: 141/149 MP: 14/14
 22650 | D:14     | Reached **** piety under Wu Jian
 22656 | D:14     | HP: 5/149 [freezing wraith (6)]
 22662 | D:14     | HP: 4/149 [freezing wraith (9)]
 22662 | D:14     | Slain by a green ugly thing

Illustrated notes

Levels and vault maps discovered:
D:1:      eino_arrival_water_cross, layout_basic,
          dilly_ecumenical_altar_fadedgnrine
D:2:      layout_rooms, basic_altar, minmay_tetromino_s2
D:3:      layout_loops_cross, serial_shops, shop_fountains,
          minmay_ogre_servants, uniq_natasha
D:4:      layout_loops_ring, minmay_temple_entry_purple_smoke
D:5:      layout_rooms, uniq_crazy_yiuf_cottage, uniq_ijyb
D:6:      layout_rooms
D:7:      layout_basic, serial_shops, nicolae_square_shop,
          nicolae_shop_bloodbath_and_beyond, shop, shop, shop,
          uniq_prince_ribbit1, uniq_joseph
D:8:      layout_gridville, enter_bailey_4,
          hangedman_abyss_or_decor_lesser_grid, uniq_maggie
D:9:      layout_basic, uniq_erica
D:10:     layout_loops_ring, lemuel_doored_altar, orc_0_dummy
D:11:     layout_basic, grunt_lair_entry_orc_guard_hut,
          nicolae_ru_sacrificial_ziggurat, uniq_grum, uniq_amaemon
D:12:     layout_loops_ring
D:13:     layout_basic, david_vaults_2, portal_ice_cave_entry_pillars_2
D:14:     layout_basic, hangedman_decor_clover_reticule
Temple:   kilobyte_greek_temple
Lair:1:   layout_cellular_growth, serial_bayou_lagoon_a, st_stairs_6
Lair:2:   layout_concentric_octagons, minmay_shoals_entry_centaurs, special_room
          [special_room_bee], serial_bayou_shore_a, grunt_megastairs_3
Lair:3:   layout_cave_pods, gauntlet_entry_generic
Lair:4:   layout_cave_pods, nicolae_spider_entry_non_spiders, lemuel_fruit_tree
Lair:5:   nzn_winding_woodlands_stair_cross
          [nzn_winding_woodlands_5x15_lazy_stream,
          nzn_winding_woodlands_center_pierced_h,
          nzn_winding_woodlands_5x15_default,
          nzn_winding_woodlands_5x5_open_star,
          nzn_winding_woodlands_5x5_perimeter,
          nzn_winding_woodlands_5x15_default,
          nzn_winding_woodlands_center_garden,
          nzn_winding_woodlands_5x15_zeroes], layout_hall_layers
Lair:6:   evil_forest, layout_cave_pods, slime_dummy, st_stairs_7,
          cheibrodos_lair_lostbears, serial_bayou_shore_b, uniq_kirke

Skill      XL: |  1  2  3  4  5  6  7  8  9 10 11 12 13 14 15 |
---------------+----------------------------------------------+-----
Unarmed Combat | 4 5 6 8 9 11 12 13 14 | 14.0
Throwing       | 2 4 6 7 8 10 11 | 11.2
Fighting       | 3 5 7 8 9 10 | 10.1
Shields        | 5 7 11 12 | 12.7
Armour         | 3 4 7 |  7.5
Dodging        | |  2.4
Stealth        | |  1.0

Action                   |  1- 3 |  4- 6 |  7- 9 | 10-12 | 13-15 || total
-------------------------+-------+-------+-------+-------+-------++-------
Melee: Unarmed           |   102 |   102 |   240 |   744 |  1050 ||  2238
       Punch             |     2 |     4 |    17 |       |       ||    23
Throw: Stone             |     5 |     7 |     4 |       |       ||    16
       Large rock        |       |       |    11 |     5 |    43 ||    59
       Boomerang         |       |       |    33 |       |       ||    33
       Dart              |       |       |    12 |       |       ||    12
Invok: Whirlwind         |       |       |       |       |    55 ||    55
       Lunge             |       |       |       |       |    28 ||    28
       Serpent's Lash    |       |       |       |       |     1 ||     1
Evoke: Wand              |       |       |     1 |     4 |     2 ||     7
  Use: Scroll            |       |     1 |     7 |     6 |    12 ||    26
       Potion            |       |       |       |       |    10 ||    10
 Stab: Sleeping          |     2 |     3 |       |       |       ||     5
       Distracted        |       |     1 |       |       |       ||     1
       Paralysed         |       |       |       |       |     2 ||     2
Armor: Robe              |    19 |    23 |     4 |       |       ||    46
       Acid dragon scale |       |       |    37 |    31 |       ||    68
       Swamp dragon scal |       |       |       |   224 |   347 ||   571
Dodge: Dodged            |    47 |    48 |   134 |   234 |   264 ||   727
Block: Tower shield      |       |       |       |   208 |       ||   208
       Kite shield       |       |       |       |   308 |   769 ||  1077
       Reflection        |       |       |       |    10 |    23 ||    33

Table legend: (Time is in decaauts)
 A = Elapsed time spent in this place.
 B = Non-inter-level travel time spent in this place.
 C = Inter-level travel time spent in this place.
 D = Time resting spent in this place.
 E = Time spent auto-exploring this place.
 F = Levels seen in this place.
 G = Mean time per level.
                   A        B        C        D        E       F      G
               +--------+--------+--------+--------+--------+-----+--------+
         Total |  22491 |  21282 |   1209 |   1808 |  12520 |  24 |  937.1 |
       Dungeon |  12018 |  11143 |    875 |    440 |   7860 |  14 |  858.4 |
        Temple |    149 |    113 |     36 |      0 |     97 |   1 |  149.0 |
          Lair |   8016 |   7719 |    297 |    909 |   4064 |   6 | 1336.0 |
        Bailey |    890 |    890 |      0 |    140 |    289 |   1 |  890.0 |
      Ice Cave |    894 |    894 |      0 |    230 |    210 |   1 |  894.0 |
      Gauntlet |    521 |    521 |      0 |     89 |      0 |   1 |  521.0 |
               +--------+--------+--------+--------+--------+-----+--------+

Top non-repeatable levels by time:
    D:11: 1605 daAuts
  Lair:6: 1604 daAuts
  Lair:5: 1532 daAuts
  Lair:4: 1472 daAuts
    D:13: 1268 daAuts
  Lair:2: 1267 daAuts
  Lair:1: 1210 daAuts
     D:9: 1197 daAuts
     D:7: 1143 daAuts
     D:8: 1019 daAuts
  Lair:3: 929 daAuts
    D:12: 924 daAuts
     D:1: 912 daAuts
   IceCv: 894 daAuts
  Bailey: 890 daAuts
